cohdb
Replays
Latest Replays
All Replays
Popular Replays
Top Player Replays
Match Explorer
How It Works
Community
CoH3 Stats
Reddit
Sign in to upload your games and track your stats! →
Sign in with Steam
Match 45095680
Unlisted
Match 45095680
Overview
Messages
Build Orders
End
Selects Special Operations Battlegroup
Selects M29 Weasel Recon Vehicle
M29 Weasel Recon Vehicle
Construct Weapon Support Center
M1919 Machine Gun Team
M1919 Machine Gun Team
M1919 Machine Gun Team
Mechanized Support Center
Construct Motor Pool
Designate Forward Repair Station
Selects Raiding Flares
M8 Greyhound Armored Car
Improvised Armor
Engineer Squad
M8 Greyhound Armored Car
Selects SSF Commando Squad
SSF Commando Squad
SSF Commando Squad
SSF Commando Squad
M8 Greyhound Armored Car
M24 Chaffee Light Tank
M29 Weasel Recon Vehicle
Raiding Flares
Selects P-47 Anti-Infantry Loiter
Improved M9 Bazooka Rockets
Construct Tank Depot
AUS Potato
星际喵喵
Rambo
v4mp - HTB -
0
0
Comments
sign in to comment!
No comments posted yet!